[Event "Early-Titled-Tuesday-Blitz-May-14-2024"]
[Site "Chess.com"]
[Date "2024.05.14"]
[Round "6"]
[White "VerdeNotte"]
[Black "Vasily_IM"]
[Result "1-0"]
[WhiteElo "2859"]
[BlackElo "2602"]
[TimeControl "180+1"]
[EndTime "9:06:39 PDT"]
[Termination "VerdeNotte won by resignation"]

1. e4 e5 2. Nf3 Nf6 3. d4 Nxe4 4. Bd3 d5 5. Nxe5 Nd7 6. Nc3 Nxc3 7. bxc3 Nxe5 8. dxe5 Be7 9. O-O O-O 10. Qh5 g6 11.
Qf3 f6 12. Bh6 Rf7 13. Qg3 Bf8 14. Bxf8 Qxf8 15. exf6 c6 16. c4 Rxf6 17. cxd5 cxd5 18. Rab1 b6 19. h4 Bf5 20. h5 Re8 21. Bxf5 Rxf5 22.
hxg6 Re6 23. gxh7+ Kxh7 24. Rfe1 Rg6 25. Qh4+ Rh6 26.
Re7+ Kh8 27. Qd4+ Kg8 28. Rbe1 Qf6 29. Re8+ Kf7 30. R1e7+ Qxe7 31. Rxe7+ 1-0

[Event "Early-Titled-Tuesday-Blitz-May-14-2024"]
[Site "Chess.com"]
[Date "2024.05.14"]
[Round "6"]
[White "Felix-Rose"]
[Black "ccccvhhhj"]
[Result "0-1"]
[WhiteElo "2253"]
[BlackElo "2448"]
[TimeControl "180+1"]
[EndTime "9:06:42 PDT"]
[Termination "ccccvhhhj won by resignation"]

1. e4 e6 2. d4 d5 3. Nc3 Bb4 4. e5 c5 5. a3 Bxc3+ 6. bxc3 Ne7 7. Qg4 Kf8 8. Bd3 Qa5 9. Bd2 Qa4 10. Qd1 Nbc6 11. Nf3 b6 12. dxc5 bxc5 13. O-O Ba6 14. Bxa6 Qxa6 15. a4 h6 16. Re1 Qc4 17. Qe2 Qxe2 18.
Rxe2 Ke8 19. c4 d4 20. Rb1 Rb8 21. Ree1 Kd7 22. Rb5 Rxb5 23. cxb5 Nb8 24. c3 dxc3 25.
Bxc3 Nd5 26. Ba5 Rc8 27. Rc1 g5 28. Nd2 Nf4 29. Rc4 Nd3 30. Ne4 Ke7 31. Bc3 Nd7 32. Nd6 Rb8 33. g3 N3xe5 34. Bxe5 Nxe5 0-1

[Event "Early-Titled-Tuesday-Blitz-May-14-2024"]
[Site "Chess.com"]
[Date "2024.05.14"]
[Round "6"]
[White "Nouali_Mohamed"]
[Black "FREDERICKtheMATE"]
[Result "1-0"]
[WhiteElo "2577"]
[BlackElo "2669"]
[TimeControl "180+1"]
[EndTime "9:06:43 PDT"]
[Termination "Nouali_Mohamed won by resignation"]

1. e4 c6 2. d4 d5 3. e5 Bf5 4. Nc3 e6 5. g4 Bg6 6. Nge2 h6 7. Be3 b5 8. Bg2 Nd7 9. Ng3 Be7 10. f4 Bh4 11. O-O Bxg3 12. hxg3 Ne7 13. Bh3 h5 14. f5 hxg4 15. fxg6 gxh3 16. gxf7+ Kf8 17. Bg5 Nb6 18. Qg4 Qd7 19. Bxe7+ Qxe7 20. Ne2 h2+ 21. Kh1 Rh6 22. Nf4 g5 23. Nh5 Nc4 24. Nf6 Rg6 25. Qh5 Qxf7 26. Nd7+ Kg7 27. Rxf7+ Kxf7 28. Qh7+ Rg7 29. Rf1+ Ke7 30. Qxg7+ Kd8 31. Nc5 1-0

[Event "Early-Titled-Tuesday-Blitz-May-14-2024"]
[Site "Chess.com"]
[Date "2024.05.14"]
[Round "6"]
[White "ChessSwole"]
[Black "AniJak"]
[Result "1-0"]
[WhiteElo "2603"]
[BlackElo "2388"]
[TimeControl "180+1"]
[EndTime "9:06:44 PDT"]
[Termination "ChessSwole won by resignation"]

1. e4 c5 2. Nf3 e6 3. c3 d5 4. e5 d4 5. Bd3 Nc6 6. O-O Nh6 7.
Be4 Nf5 8. b4 cxb4 9. cxb4 Bxb4 10. Qa4 Qb6 11. Ba3 Bxa3 12. Nxa3 Bd7 13. Rab1 Qc7 14.
Nb5 Qa5 15. Qxa5 Nxa5 16. Nc7+ Ke7 17. Nxa8 Rxa8 18. Bxb7 Rb8 19. Be4 Rc8 20. Rfc1 Kd8 21. Rxc8+ Kxc8 22. Bxf5 exf5 23. Nxd4 Kd8 24. f4 Nc4 25. d3 Ne3 26. Rb7 a5 27. Ra7 a4 28.
h3 h5 29. Kf2 Nd1+ 30. Ke1 Nc3 31. a3 h4 32. Kf2 Nb1 33. Nc2 Bb5 34. Ke3 Ke8 35. Rb7 Nc3 36. Kd4 Ne2+ 37. Kc5 Bxd3 38. Kd6 f6 39. e6 1-0

[Event "Early-Titled-Tuesday-Blitz-May-14-2024"]
[Site "Chess.com"]
[Date "2024.05.14"]
[Round "6"]
[White "Kazmin_Semyon"]
[Black "CSB7"]
[Result "0-1"]
[WhiteElo "2591"]
[BlackElo "2766"]
[TimeControl "180+1"]
[EndTime "9:06:50 PDT"]
[Termination "CSB7 won by resignation"]

1. d4 Nf6 2. c4 a6 3. Nc3 b5 4.
cxb5 axb5 5. Nxb5 e5 6. Bg5 Bb4+ 7. Nc3 exd4 8. Qxd4 Nc6 9. Qe3+ Kf8 10. Nf3 h6 11. Bxf6 Qxf6 12. g3 Ra3 13. Rc1 Rxa2 14. Bh3 Bxc3+ 15. bxc3 g6 16. O-O Kg7 17. Nd4 Ne5 18. f4 Nc4 19. Qd3 Ba6 20. Rc2 Na3 21.
Qxa6 Qxa6 0-1

[Event "Early-Titled-Tuesday-Blitz-May-14-2024"]
[Site "Chess.com"]
[Date "2024.05.14"]
[Round "6"]
[White "Alexchess1984"]
[Black "laysa_latifah"]
[Result "1-0"]
[WhiteElo "2685"]
[BlackElo "2540"]
[TimeControl "180+1"]
[EndTime "9:06:50 PDT"]
[Termination "Alexchess1984 won by resignation"]

1. e4 c6 2. d4 d5 3. exd5 cxd5 4. c4 Nf6 5. Nc3 Nc6 6. Nf3 Bg4 7. cxd5 Nxd5 8.
Qb3 Nb6 9. d5 Bxf3 10. gxf3 Nd4 11. Bb5+ Nxb5 12. Nxb5 g6 13. Qc3 Rc8 14. Qxh8 Qxd5 15.
Bh6 Nd7 16. Nc3 Qxf3 17. Rg1 Rc6 18. Be3 Re6 19. Qd4 Bh6 20. Nd5 Kd8 21. Rd1 Bxe3 22. Qh8+ Nf8 23. Qxf8+ Kd7 24. Nxe3+ 1-0

[Event "Early-Titled-Tuesday-Blitz-May-14-2024"]
[Site "Chess.com"]
[Date "2024.05.14"]
[Round "6"]
[White "GambitGiesbergen"]
[Black "dennisodessa"]
[Result "1-0"]
[WhiteElo "2345"]
[BlackElo "2483"]
[TimeControl "180+1"]
[EndTime "9:06:51 PDT"]
[Termination "GambitGiesbergen won on time"]

1. e4 e6 2. d4 d5 3. Nc3 Bb4 4. e5 c5 5. a3 Ba5 6. b4 cxd4 7.
Nb5 Bc7 8. f4 Nh6 9. Nf3 Bd7 10.
Nbxd4 Nc6 11. Be3 Bb6 12. Bd3 O-O 13. O-O Nf5 14. Bxf5 exf5 15. Kh1 Rc8 16. Qd2 a5 17. Rfd1 Nxd4 18. Bxd4 axb4 19. Qxb4 Bxd4 20. Nxd4 Qh4 21. Qd2 Rc4 22. Rab1 b5 23. Rb4 Rfc8 24. Rb3 1-0

[Event "Early-Titled-Tuesday-Blitz-May-14-2024"]
[Site "Chess.com"]
[Date "2024.05.14"]
[Round "6"]
[White "NikitaShnadrygin"]
[Black "Semetey"]
[Result "1-0"]
[WhiteElo "2737"]
[BlackElo "2582"]
[TimeControl "180+1"]
[EndTime "9:06:53 PDT"]
[Termination "NikitaShnadrygin won by checkmate"]

1. e4 Nc6 2. Nc3 e6 3. d4 d5 4. Nf3 Bb4 5. exd5 exd5 6. Bd3 Nf6 7. O-O O-O 8. Bg5 Bg4 9. Bxf6 gxf6 10. h3 Bh5 11. g4 Bg6 12. Ne2 Bd6 13. c3 Ne7 14.
Ng3 Bxg3 15. fxg3 Qd6 16. Kh2 Rfe8 17. Nh4 c5 18. Qf3 cxd4 19. cxd4 Kg7 20. Rae1 Rac8 21.
g5 fxg5 22. Nxg6 fxg6 23. Qf7+ Kh6 24. Rf6 Qb4 25. Rxe7 Rxe7 26. Rxg6+ Kh5 27. Rxg5+ Kxg5 28. Qf4+ Kh5 29. g4+ Kh4 30. Qh6# 1-0

[Event "Early-Titled-Tuesday-Blitz-May-14-2024"]
[Site "Chess.com"]
[Date "2024.05.14"]
[Round "6"]
[White "Buzhizhebuguai"]
[Black "xasid81"]
[Result "1-0"]
[WhiteElo "2765"]
[BlackElo "2590"]
[TimeControl "180+1"]
[EndTime "9:06:54 PDT"]
[Termination "Buzhizhebuguai won by resignation"]

1. d4 d5 2. Nf3 Nf6 3. c4 dxc4 4. e3 e6 5. Bxc4 a6 6. O-O c5 7. Qe2 cxd4 8. Rd1 Nc6 9. Nxd4 Nxd4 10. Rxd4 Qc7 11. Nc3 Bc5 12. Rh4 h6 13. b3 b5 14.
Bd3 g5 15. Ne4 Nxe4 16. Rxe4 Bb7 17. Bb2 Bxe4 18. Bxh8 Bxd3 19. Qxd3 Bd6 20. Rd1 O-O-O 21. g3 Be7 22. Qb1 Rxh8 23. Rc1 Bc5 24. b4 Kb8 25.
bxc5 Rd8 26. a4 Qc6 27. axb5 Qxb5 28. Qe4 Kc7 29. c6 Rd5 30. Qf3 f5 31. Qh5 Rc5 32. Qf7+ Kb6 33. Qb7+ Ka5 34. Qxb5+ 1-0

[Event "Early-Titled-Tuesday-Blitz-May-14-2024"]
[Site "Chess.com"]
[Date "2024.05.14"]
[Round "6"]
[White "chess_sharparchitect"]
[Black "english_player_89"]
[Result "0-1"]
[WhiteElo "2327"]
[BlackElo "2619"]
[TimeControl "180+1"]
[EndTime "9:06:55 PDT"]
[Termination "english_player_89 won by resignation"]

1. c4 e5 2. Nc3 Nf6 3. Nf3 d6 4. d4 Nbd7 5. e4 g6 6. Be2 Bg7 7. d5 O-O 8. h3 Nc5 9. Qc2 a5 10. Be3 b6 11. O-O-O Nh5 12. g4 Nf4 13. Bxf4 exf4 14.
Nd4 Bd7 15. f3 a4 16. Kb1 Qb8 17. Ndb5 a3 18. b3 Qd8 19. e5 Bxe5 20. Ne4 Bg7 21. g5 Bxb5 22. cxb5 Qe7 23. Bc4 Qe5 24. Nf6+ Kh8 25.
Rhe1 Qxg5 26. Ne4 Qe5 0-1

[Event "Early-Titled-Tuesday-Blitz-May-14-2024"]
[Site "Chess.com"]
[Date "2024.05.14"]
[Round "6"]
[White "dianamirza"]
[Black "LeoWin2012"]
[Result "0-1"]
[WhiteElo "1952"]
[BlackElo "2320"]
[TimeControl "180+1"]
[EndTime "9:06:55 PDT"]
[Termination "LeoWin2012 won on time"]

1. e4 e6 2. d3 d6 3. Nd2 Ne7 4.
g3 Nd7 5. Bh3 g6 6. Ngf3 Bg7 7.
O-O O-O 8. c3 b6 9. d4 Bb7 10.
Bg2 a6 11. Qc2 h6 12. a4 Kh7 13. Nc4 Rc8 14. Nh4 Ng8 15. f4 e5 16. fxe5 dxe5 17. d5 c6 18. Nd6 Rb8 19. Nxb7 Qc7 20. dxc6 Qxc6 21. Qb3 Rxb7 22. Rxf7 Nc5 23. Rxg7+ Kxg7 24.
Qd5 Qxd5 25. exd5 Rd7 26. Be3 Nf6 27. b4 Nd3 28. Bxb6 Nxd5 29. Ba5 Nxc3 30. Nf3 e4 31. Nd2 e3 32. Nc4 e2 0-1

[Event "Early-Titled-Tuesday-Blitz-May-14-2024"]
[Site "Chess.com"]
[Date "2024.05.14"]
[Round "6"]
[White "mostafa_sakha"]
[Black "Maluco_do_Natal_00"]
[Result "1-0"]
[WhiteElo "2337"]
[BlackElo "2037"]
[TimeControl "180+1"]
[EndTime "9:07:00 PDT"]
[Termination "mostafa_sakha won by resignation"]

1. d4 d5 2. c4 c6 3. Nf3 Nf6 4. Nc3 dxc4 5. e4 b5 6. Be2 b4 7. e5 bxc3 8. exf6 cxb2 9. fxg7 Bxg7 10. Bxb2 O-O 11. O-O c5 12. Bxc4 cxd4 13. Bxd4 Bb7 14.
Bxg7 Qxd1 15. Rfxd1 Kxg7 16. Ne5 Nc6 17. Nd7 Rfd8 18.
Nc5 Ne5 19. Rxd8 Rxd8 20. Nxb7 Rd7 21. Na5 Rd4 22. Bf1 Ra4 23. Nb3 f5 24. a3 f4 25. Nc5 Rd4 1-0

[Event "Early-Titled-Tuesday-Blitz-May-14-2024"]
[Site "Chess.com"]
[Date "2024.05.14"]
[Round "6"]
[White "jaramsdal"]
[Black "Pedrada88"]
[Result "0-1"]
[WhiteElo "2384"]
[BlackElo "2560"]
[TimeControl "180+1"]
[EndTime "9:07:03 PDT"]
[Termination "Pedrada88 won by resignation"]

1. e4 c6 2. Nf3 d5 3. exd5 cxd5 4. Ne5 Nc6 5. Bb5 Bd7 6. Nxd7 Qxd7 7. O-O a6 8. Be2 e5 9. c3 d4 10. d3 Nf6 11.
Bf3 Bc5 12. Re1 O-O 13. Bg5 Nd5 14. c4 Nf4 15. Bxf4 exf4 16. Re4 f5 17. Re2 Rae8 18.
Nd2 Rxe2 19. Qxe2 Re8 20. Qf1 g5 21. h3 Ne5 22. Bd5+ Kg7 23. Nf3 Nxf3+ 24. Bxf3 g4 25. hxg4 fxg4 26. Be4 Qf7 27. Qd1 Qh5 28. Kf1 Qh1+ 29.
Ke2 Qxg2 30. Qh1 f3+ 31. Kd2 Qxf2+ 32. Kc1 Qe3+ 33. Kb1 Rxe4 34. dxe4 Qxe4+ 35. Kc1 d3 36. Kd2 Bb4+ 37. Kd1 Qe2+ 0-1

[Event "Early-Titled-Tuesday-Blitz-May-14-2024"]
[Site "Chess.com"]
[Date "2024.05.14"]
[Round "6"]
[White "LileKoridze"]
[Black "TomLiu777"]
[Result "0-1"]
[WhiteElo "2405"]
[BlackElo "2286"]
[TimeControl "180+1"]
[EndTime "9:07:06 PDT"]
[Termination "TomLiu777 won by resignation"]

1. d4 e6 2. c4 d5 3. Nf3 a6 4. cxd5 exd5 5. g3 Bd6 6. Bg2 Nf6 7. O-O h6 8. Nc3 Be6 9. Ne5 O-O 10. Re1 Nbd7 11.
Nxd7 Qxd7 12. e4 dxe4 13. Nxe4 Nxe4 14. Bxe4 Bb4 15. Rf1 Bh3 16. Bg2 Bxg2 17. Kxg2 Rad8 18. Be3 Be7 19. Qc2 Bf6 20. Rfd1 c6 21. Rac1 Qd5+ 22. Kg1 h5 23. h4 Rfe8 24. b3 Qf3 25. Rd3 Qf5 26. Qd2 Re4 27. Rc5 Qh3 28. Rxh5 Rd5 29. Rxd5 cxd5 30. Bf4 Qe6 31. Kg2 Re2 32. Qc3 Qe4+ 33.
Rf3 Bxd4 34. Qc8+ Kh7 35. Kf1 Qxf3 36. Qf5+ g6 37. Qxf7+ Bg7 0-1

[Event "Early-Titled-Tuesday-Blitz-May-14-2024"]
[Site "Chess.com"]
[Date "2024.05.14"]
[Round "6"]
[White "emeli_chess"]
[Black "ClauAmura"]
[Result "1-0"]
[WhiteElo "2439"]
[BlackElo "2268"]
[TimeControl "180+1"]
[EndTime "9:07:09 PDT"]
[Termination "emeli_chess won by resignation"]

1. d4 Nf6 2. c4 e6 3. Nc3 Bb4 4.
Qc2 c5 5. dxc5 Na6 6. a3 Bxc3+ 7. Qxc3 Nxc5 8. f3 b6 9. b4 Na6 10. e4 d6 11. Be3 O-O 12. Rd1 Qe7 13. Ne2 Bb7 14. Qd2 Rfd8 15. Nc3 d5 16. e5 Nd7 17. Bg5 f6 18. exf6 gxf6 19. Bf4 dxc4 20. Qd6 Qxd6 21. Rxd6 e5 22. Bxc4+ Kg7 23. Bd2 Rac8 24. Be6 Rc7 25. Nb5 Rc6 26. Rxd7+ Rxd7 27. Bxd7 Rc2 28. Ke2 Bd5 29.
Rc1 1-0

[Event "Early-Titled-Tuesday-Blitz-May-14-2024"]
[Site "Chess.com"]
[Date "2024.05.14"]
[Round "6"]
[White "rionelG"]
[Black "NiranjanNavalgund"]
[Result "1-0"]
[WhiteElo "2279"]
[BlackElo "2451"]
[TimeControl "180+1"]
[EndTime "9:07:10 PDT"]
[Termination "rionelG won by checkmate"]

1. e4 d5 2. exd5 Nf6 3. Nc3 Nxd5 4. Qf3 Be6 5. Bd3 Nc6 6. Nge2 g6 7. Bb5 Qd6 8. O-O O-O-O 9. Ne4 Qb4 10. Bxc6 bxc6 11.
c3 Qc4 12. d3 Qa4 13. b3 Qb5 14. Nd4 Qb6 15. Nxe6 fxe6 16. d4 Bg7 17. Nc5 Nxc3 18. Nxe6 Bxd4 19. Nxd4 Qxd4 20. Bb2 Qd3 21. Bxc3 Qxf3 22.
gxf3 Rhf8 23. Kg2 Rd3 24. Rac1 Rdxf3 25. Bd4 Kb7 26. Rc4 R3f4 27. Rfc1 Rg4+ 28. Kf1 Rff4 29.
Be3 Re4 30. Rxc6 Rxe3 31. Rxc7+ Kb6 32. R1c6+ Kb5 33. Rc5+ Kb6 34. fxe3 Rh4 35. Rc2 Rh3 36. Rxe7 h5 37. Re6+ Kb7 38. Rf2 Kc8 39. Rf7 Kd8 40.
Rxg6 Ke8 41. Rxa7 Rxe3 42. Rg8# 1-0

[Event "Early-Titled-Tuesday-Blitz-May-14-2024"]
[Site "Chess.com"]
[Date "2024.05.14"]
[Round "6"]
[White "Agibileg"]
[Black "Andrei_Skvortsov"]
[Result "1-0"]
[WhiteElo "2905"]
[BlackElo "2753"]
[TimeControl "180+1"]
[EndTime "9:07:15 PDT"]
[Termination "Agibileg won by checkmate"]

1. d4 e6 2. c4 d5 3. Nc3 a6 4. cxd5 exd5 5. Bf4 Nf6 6. e3 c5 7. Nf3 c4 8. Be2 b5 9. O-O Be7 10. h3 Bb7 11. Bh2 b4 12. Na4 Ne4 13. Ne5 O-O 14.
f3 Nf6 15. g4 Nfd7 16. f4 Nf6 17. Bf3 Nc6 18. g5 Nxe5 19. dxe5 Ne4 20. h4 Nc5 21. f5 Nxa4 22. Qxa4 Bc5 23. Rae1 Qb6 24. Bf4 d4 25. Bxb7 dxe3 26. Bxa8 e2+ 27. Kh2 exf1=Q 28. Rxf1 Rxa8 29. Qc2 Rc8 30. Re1 b3 31. axb3 Qxb3 32.
Qxb3 cxb3 33. Rc1 h6 34. Be3 Bxe3 35. Rxc8+ Kh7 36. e6 fxe6 37. g6# 1-0

[Event "Early-Titled-Tuesday-Blitz-May-14-2024"]
[Site "Chess.com"]
[Date "2024.05.14"]
[Round "6"]
[White "Byniolus"]
[Black "WilsonPalencia21"]
[Result "1-0"]
[WhiteElo "2820"]
[BlackElo "2592"]
[TimeControl "180+1"]
[EndTime "9:07:15 PDT"]
[Termination "Byniolus won by resignation"]

1. d4 Nf6 2. Nf3 c5 3. c3 d5 4. Bf4 Nc6 5. Nbd2 Qb6 6. Qb3 c4 7. Qc2 Nh5 8. Bg3 g6 9. e4 e6 10. Be2 Bg7 11. O-O Nxg3 12. hxg3 O-O 13. Rfe1 Qd8 14.
Nf1 b5 15. Ne3 dxe4 16. Qxe4 Bb7 17. Rad1 Rb8 18. Qf4 Ne7 19. Ne5 g5 20. Qg4 h6 21.
Bf3 f5 22. Qh5 Bxf3 23. gxf3 Nd5 24. Nc6 Qe8 25. Qxe8 Rbxe8 26. Nxd5 exd5 27. Ne7+ Kf7 28. Nxf5 Kf6 29. g4 a5 30. Re5 Kg6 31. Rxd5 1-0

[Event "Early-Titled-Tuesday-Blitz-May-14-2024"]
[Site "Chess.com"]
[Date "2024.05.14"]
[Round "6"]
[White "Adar_07"]
[Black "yaguigor"]
[Result "1-0"]
[WhiteElo "2725"]
[BlackElo "2577"]
[TimeControl "180+1"]
[EndTime "9:07:16 PDT"]
[Termination "Adar_07 won by checkmate"]

1. Nf3 d5 2. c4 c6 3. d4 Nf6 4.
Nc3 e6 5. Bg5 dxc4 6. e4 b5 7.
e5 h6 8. Bh4 g5 9. Nxg5 hxg5 10.
Bxg5 Nbd7 11. exf6 Bb7 12. Qf3 Qa5 13. g3 O-O-O 14.
Bg2 Bh6 15. Be3 Bxe3 16. fxe3 e5 17. O-O exd4 18. exd4 Qb6 19. Rad1 a6 20. Ne4 Kb8 21. Nd6 Ne5 22. Qf4 Rxd6 23. Qxe5 Rd8 24. h4 Ka7 25. Rf4 Re6 26. Qh5 c5 27. Qxf7 Rxd4 28. Rfxd4 cxd4 29. Bxb7 Rxf6 30. Qe7 d3+ 31. Kh2 Rf2+ 32. Bg2+ Kb8 33.
Re1 Qc6 34. Qd8+ Kb7 35. Re7# 1-0

[Event "Early-Titled-Tuesday-Blitz-May-14-2024"]
[Site "Chess.com"]
[Date "2024.05.14"]
[Round "6"]
[White "stepanosinovsky"]
[Black "ajeale2"]
[Result "0-1"]
[WhiteElo "2315"]
[BlackElo "2484"]
[TimeControl "180+1"]
[EndTime "9:07:23 PDT"]
[Termination "ajeale2 won by checkmate"]

1. Nf3 g6 2. g3 Bg7 3. Bg2 d5 4. O-O Nf6 5. d3 O-O 6. Nbd2 c5 7. e4 Nc6 8. Re1 e5 9. exd5 Nxd5 10. Nc4 f6 11. a4 Re8 12. c3 Be6 13. a5 Qd7 14. Qb3 Rad8 15. Nfd2 Qf7 16. Ne4 Bf8 17.
Qa4 Nc7 18. Bf1 Bd5 19. Be3 Ne6 20. Qb5 Qe7 21. Rad1 f5 22. Ned2 Qf6 23. f4 exf4 24. gxf4 Bh6 25. Qxb7 Nxf4 26. Qc7 Qg5+ 27. Kf2 Nxd3+ 28. Bxd3 Qg2# 0-1

[Event "Early-Titled-Tuesday-Blitz-May-14-2024"]
[Site "Chess.com"]
[Date "2024.05.14"]
[Round "6"]
[White "Timerkhanov"]
[Black "platy3"]
[Result "0-1"]
[WhiteElo "2717"]
[BlackElo "2870"]
[TimeControl "180+1"]
[EndTime "9:07:25 PDT"]
[Termination "platy3 won by checkmate"]

1. d4 Nf6 2. Bg5 d5 3. Nd2 c6 4. e3 Bf5 5. Bd3 Bg6 6. Ngf3 Nbd7 7. Ne5 e6 8. Nxg6 hxg6 9. f4 Be7 10. O-O Qb6 11. Rb1 Ng8 12. Bxe7 Nxe7 13. c4 Nf5 14.
Qe2 Nf6 15. c5 Qc7 16. b4 g5 17. Bxf5 exf5 18. Nf3 gxf4 19. exf4+ Ne4 20. Qe3 O-O 21. b5 Rfe8 22. bxc6 bxc6 23. Qc1 Rab8 24. Rxb8 Rxb8 25.
Ne5 f6 26. Nf3 Qa5 27. Nh4 Qxa2 28. Qa1 Qd2 29. Nxf5 Rb2 30. Nh4 Qxd4+ 31. Kh1 Nf2+ 32. Rxf2 Qxf2 33. h3 Re2 34. Nf3 Qxg2# 0-1

[Event "Early-Titled-Tuesday-Blitz-May-14-2024"]
[Site "Chess.com"]
[Date "2024.05.14"]
[Round "6"]
[White "Arteler"]
[Black "Raskolnikov6"]
[Result "0-1"]
[WhiteElo "2236"]
[BlackElo "2444"]
[TimeControl "180+1"]
[EndTime "9:07:26 PDT"]
[Termination "Raskolnikov6 won by resignation"]

1. e4 e5 2. Nf3 Nc6 3. d4 exd4 4.
Nxd4 Qf6 5. Nxc6 Bc5 6. Qf3 bxc6 7. Nc3 Bd4 8. Bd2 Rb8 9. O-O-O d6 10. Bc4 Qxf3 11. gxf3 Bxf2 12. Rdf1 Bd4 13. Ne2 Bxb2+ 14. Kd1 Be6 15. Bxe6 fxe6 16. Nf4 Kf7 17. c3 Ba3 18. Rhg1 Bc5 19. Rg2 Ne7 20. c4 Bd4 21. Kc1 Rb2 22.
Ne2 Rxa2 23. Rd1 Bf6 24. Nc3 Bxc3 25. Bxc3 Rxg2 0-1

[Event "Early-Titled-Tuesday-Blitz-May-14-2024"]
[Site "Chess.com"]
[Date "2024.05.14"]
[Round "6"]
[White "CristianS27"]
[Black "DumbKing75"]
[Result "1-0"]
[WhiteElo "2554"]
[BlackElo "2646"]
[TimeControl "180+1"]
[EndTime "9:07:28 PDT"]
[Termination "CristianS27 won on time"]

1. e4 c5 2. Nf3 d6 3. d4 cxd4 4. Nxd4 Nf6 5. Nc3 Nc6 6. Be3 Ng4 7. Bb5 Nxe3 8. fxe3 Bd7 9. O-O Ne5 10. Nf3 Bxb5 11. Nxb5 a6 12. Nxe5 dxe5 13. Qh5 g6 14. Qxe5 f6 15.
Nc7+ Kf7 16. Rad1 Qc8 17. Nxa8 Qxa8 18. Rd7 Qe8 19. Rxf6+ Kg8 20. Qd5+ Kg7 21. Rd8 Qc6 22. Qf7+ 1-0

[Event "Early-Titled-Tuesday-Blitz-May-14-2024"]
[Site "Chess.com"]
[Date "2024.05.14"]
[Round "6"]
[White "InitiatingASC"]
[Black "Witik"]
[Result "0-1"]
[WhiteElo "2420"]
[BlackElo "2755"]
[TimeControl "180+1"]
[EndTime "9:07:31 PDT"]
[Termination "Witik won by resignation"]

1. d4 Nf6 2. c4 g6 3. Nc3 d5 4. Nf3 Bg7 5. Qb3 dxc4 6. Qxc4 O-O 7. g3 a6 8. Bg2 b5 9. Qb3 Bb7 10. O-O Nbd7 11. Rd1 Qc8 12. Bg5 c5 13. dxc5 Nxc5 14. Qa3 Ne6 15. Be3 Ng4 16. Bb6 Qc6 17. Ba5 Nd4 18.
Qxe7 Rfe8 19. Qxb7 Nxe2+ 20. Nxe2 Qxb7 21. Nfd4 Qa7 22.
h3 Rxe2 23. hxg4 Bxd4 24. Bxa8 Rxf2 25. Kh1 Qxa8+ 0-1

[Event "Early-Titled-Tuesday-Blitz-May-14-2024"]
[Site "Chess.com"]
[Date "2024.05.14"]
[Round "6"]
[White "balack95"]
[Black "Doublekk14"]
[Result "1/2-1/2"]
[WhiteElo "2513"]
[BlackElo "2356"]
[TimeControl "180+1"]
[EndTime "9:07:32 PDT"]
[Termination "Game drawn by repetition"]

1. d4 Nf6 2. Nc3 d5 3. Bf4 e6 4. Nb5 Na6 5. e3 c6 6. Nc3 Bd6 7. Bg3 Nc7 8. Nf3 Bxg3 9. hxg3 Qd6 10. Bd3 g6 11. Ne5 Nd7 12. Nxg6 fxg6 13. Bxg6+ Kd8 14.
Rxh7 Rxh7 15. Bxh7 Ne8 16. Qh5 Ndf6 17. Qh4 Qe7 18.
Bd3 Kc7 19. O-O-O Bd7 20. g4 Nd6 21. g5 Nfe8 22. f4 Ng7 23. Qf2 Rf8 24. Rh1 Qxg5 25. Qd2 Qg3 26. Na4 b6 27. Rh7 Ngf5 28.
Nc5 Rf7 29. Rxf7 Nxf7 30. Nxd7 Kxd7 31. Bxf5 exf5 32. Qe2 Nd6 33. b3 Ne4 34. Kb2 Qf2 35. Qh5 Qxe3 36. Qxf5+ Kc7 37. Qf7+ Kb8 38. Qe8+ Kb7 39.
Qe7+ Ka6 40. Qa3+ Kb7 41. Qe7+ Kc8 42. Qe8+ Kc7 43. Qe7+ Kc8 44. Qe8+ Kb7 45. Qe7+ 1/2-1/2

[Event "Early-Titled-Tuesday-Blitz-May-14-2024"]
[Site "Chess.com"]
[Date "2024.05.14"]
[Round "6"]
[White "Djager97"]
[Black "Flameboard08"]
[Result "0-1"]
[WhiteElo "2540"]
[BlackElo "2712"]
[TimeControl "180+1"]
[EndTime "9:07:35 PDT"]
[Termination "Flameboard08 won by resignation"]

1. e4 b6 2. d4 Bb7 3. Nc3 e6 4.
Nf3 Bb4 5. Bd3 Nf6 6. Qe2 d5 7. e5 Ne4 8. Bd2 Bxc3 9. bxc3 a5 10. O-O Ba6 11. Ne1 c5 12. Bxa6 Rxa6 13. f3 Nxd2 14. Qxd2 O-O 15. f4 f5 16. exf6 Qxf6 17.
Nd3 cxd4 18. Ne5 dxc3 19. Qxc3 Nd7 20. Qd3 Nc5 21. Qb5 Kh8 22. Nd7 Qd4+ 23. Kh1 Rfa8 24.
Rae1 Ne4 25. Qe2 R6a7 26. Ne5 Rc7 27. Rd1 Qa4 28. f5 exf5 29. Rxf5 Qxc2 30. Qh5 Nf6 31. Rxf6 gxf6 32. Rf1 Qe4 33. Nf7+ Kg7 34. Nh6 Qg6 35. Nf5+ Kh8 36. Qf3 Rd8 37. h3 d4 38. Qf4 Rcd7 39.
Ng3 d3 40. Ne4 d2 41. Rd1 Rd4 42. Qxf6+ Qxf6 43. Nxf6 0-1

[Event "Early-Titled-Tuesday-Blitz-May-14-2024"]
[Site "Chess.com"]
[Date "2024.05.14"]
[Round "6"]
[White "motivated_bishop"]
[Black "invisible_s0ul"]
[Result "1-0"]
[WhiteElo "2498"]
[BlackElo "2327"]
[TimeControl "180+1"]
[EndTime "9:07:36 PDT"]
[Termination "motivated_bishop won by resignation"]

1. d4 Nf6 2. c4 c6 3. Nc3 d5 4.
cxd5 cxd5 5. Bf4 Nc6 6. e3 a6 7.
Be2 Bf5 8. Qb3 b5 9. Nf3 Na5 10.
Qd1 e6 11. O-O Be7 12. Ne5 O-O 13. a4 b4 14. Nb1 Nd7 15. Nd2 Nxe5 16. Bxe5 Bd6 17.
Bxd6 Qxd6 18. Nb3 Nc4 19. Nc5 a5 20. b3 Nb6 21. Bb5 e5 22. Qf3 Bg6 23. Qg3 f6 24. Rac1 Rac8 25. Nb7 Qe7 26. Nxa5 exd4 27. Nc6 Qc7 28.
exd4 Qxg3 29. hxg3 Be4 30. Ne7+ Kf7 31. Nxc8 Rxc8 32.
Rxc8 Nxc8 33. Rc1 Nd6 34. Rc7+ Kg6 35. Be2 Bc2 36. Rxc2 1-0

[Event "Early-Titled-Tuesday-Blitz-May-14-2024"]
[Site "Chess.com"]
[Date "2024.05.14"]
[Round "6"]
[White "TenisMaster"]
[Black "MrLion3000"]
[Result "0-1"]
[WhiteElo "2903"]
[BlackElo "2782"]
[TimeControl "180+1"]
[EndTime "9:07:37 PDT"]
[Termination "MrLion3000 won by resignation"]

1. e4 e5 2. Nf3 Nc6 3. Bc4 Nf6 4. d3 Be7 5. O-O O-O 6. a4 d6 7. Nc3 h6 8. a5 a6 9. h3 Be6 10.
Bxe6 fxe6 11. Ne2 Qe8 12. Ng3 Nh5 13. Be3 Nf4 14. c3 Qf7 15. Nh2 Qg6 16. Kh1 Bh4 17.
Bxf4 exf4 18. Ne2 Ne5 19. Nd4 c5 20. Ndf3 Nxf3 21. Nxf3 Be7 22. Qb3 Rab8 23. Rfe1 Qf7 24. d4 Rfc8 25. Rad1 g5 26. dxc5 Rxc5 27. e5 d5 28. Nd4 Bd8 29. Qb4 Rbc8 30. Qa4 Rxa5 31. Qc2 Rac5 32. Qe2 h5 33. Kg1 Qg6 34. Qd3 Qf7 35.
Qd2 Rc4 36. f3 Bb6 37. Kh2 Bxd4 38. cxd4 Rc2 39. Qb4 g4 40. Rd3 Qg6 41. Rd2 gxf3 42. gxf3 Qg3+ 43. Kh1 Qxe1+ 0-1

[Event "Early-Titled-Tuesday-Blitz-May-14-2024"]
[Site "Chess.com"]
[Date "2024.05.14"]
[Round "6"]
[White "jraosam"]
[Black "EvgenyBurmakin"]
[Result "1-0"]
[WhiteElo "2069"]
[BlackElo "2318"]
[TimeControl "180+1"]
[EndTime "9:07:39 PDT"]
[Termination "jraosam won on time"]

1. e4 c5 2. Nc3 Nc6 3. g3 g6 4. Bg2 Bg7 5. d3 d6 6. Be3 e6 7. Qd2 Rb8 8. Nge2 b5 9. O-O b4 10. Nd1 Nge7 11. Bh6 O-O 12. Bxg7 Kxg7 13. d4 Ba6 14. d5 Nd4 15. Nxd4 Bxf1 16. Bxf1 cxd4 17. Qxd4+ e5 18. Qxa7 Re8 19. a4 bxa3 20. Rxa3 Qb6 21. Qxb6 Rxb6 22. Ra7 Kf6 23. b3 Rc8 24. Ne3 Ng8 25. Bd3 Rbb8 26. Nc4 Rd8 27. Ra6 Ke7 28. Na5 Kd7 29. Nc6 Rdc8 30. Nxb8+ Rxb8 31. Ra7+ Ke8 32. Rc7 Nf6 33. f3 Nd7 34. Ba6 Nc5 35. Rc6 Kd7 36.
Bc4 Ra8 37. b4 Ra1+ 38. Kg2 Na4 39. Bb5 1-0